 Dungeon Crawl Stone Soup version 0.27.0-65-ge2af304b15 (webtiles) character file.

Game seed: 1548625556887440553

4284 Descartes the Blocker (level 10, -5/80 HPs)
             Began as a Formicid Fighter on Aug 18, 2021.
             Was an Initiate of Qazlal.
             Killed from afar by a gargoyle (12 damage)
             ... with a stone arrow
             ... on level 8 of the Dungeon.
             The game lasted 00:19:38 (9706 turns).

Descartes the Blocker (Formicid Fighter)            Turns: 9706, Time: 00:19:39

Health: -5/80      AC: 17    Str: 21    XL:     10   Next: 57%
Magic:  15/15      EV:  6    Int: 11    God:    Qazlal [......]
Gold:   449        SH: 11    Dex: 10    Spells: 9/9 levels left

rFire    . . .     SeeInvis +   w - +1 battleaxe
rCold    . . .     Faith    .   c - +0 kite shield
rNeg     + + .     Spirit   .   l - +0 plate armour
rPois    .         Reflect  .   (helmet unavailable)
rElec    .         Harm     .   f - +0 cloak
rCorr    +         Rampage  .   (no gloves)
Will     +....                  C - +1 pair of boots
Stlth    ..........             (no amulet)
HPRegen  0.23/turn              y - ring of positive energy
MPRegen  0.14/turn              b - ring of the Queen {rN+ rCorr Slay+4 Stlth+}

@: mighty
A: permanent stasis, dig shafts and tunnels, antennae 3, four strong arms
a: Dig, Shaft Self, Renounce Religion


You were on level 8 of the Dungeon.
You worshipped Qazlal.
Qazlal was noncommittal.
You visited 2 branches of the dungeon, and saw 9 of its levels.
You also visited: Ossuary.

You collected 449 gold pieces.

Inventory:

Hand Weapons
 h - a +0 hunting sling
 o - a +0 hunting sling
 v - a +0 shortbow
 w - a +1 battleaxe (weapon)
 x - a +4 morningstar
Missiles
 a - 45 bolts
 e - 235 stones
 n - 31 poisoned darts
 r - 62 arrows
 B - 22 sling bullets
Armour
 c - a +0 kite shield (worn)
 f - a +0 cloak (worn)
 l - a +0 plate armour (worn)
 C - a +1 pair of boots (worn)
Jewellery
 b - the ring of the Queen (right hand) {rN+ rCorr Slay+4 Stlth+}
   (You acquired it on level 7 of the Dungeon)

   [ring of slaying]

   Slay:      It affects your accuracy & damage with ranged weapons and melee
   (+4).
   rN:        It protects you from negative energy.
   rCorr:     It protects you from acid and corrosion.
   Stlth:     It makes you more stealthy.
 y - a ring of positive energy (left hand)
 I - a ring of protection from cold
 K - a ring of positive energy
 L - a +6 ring of strength
Wands
 M - a wand of acid (7)
Scrolls
 g - 5 scrolls of identify
 j - a scroll of amnesia
 k - 2 scrolls of teleportation
 m - 4 scrolls of enchant weapon
 q - a scroll of noise
 t - a scroll of immolation
 u - a scroll of vulnerability {unknown}
 F - 2 scrolls of holy word {unknown}
 G - a scroll of fog {unknown}
 J - 2 scrolls of fear {unknown}
Potions
 d - a potion of might
 i - 6 potions of curing {unknown}
 p - a potion of haste {unknown}
 s - a potion of lignification {unknown}
 z - 3 potions of flight {unknown}
 A - 3 potions of invisibility {unknown}
 D - a potion of magic {unknown}
 E - 2 potions of heal wounds {unknown}
 H - a potion of brilliance {unknown}


   Skills:
 + Level 7.7 Fighting
 - Level 2.0 Axes
 + Level 8.6 Armour
 - Level 9.0 Shields
 + Level 7.3 Invocations
 + Level 6.7 Evocations


You had 9 spell levels left.
You didn't know any spells.
Your spell library contained the following spells:

 Spells                   Type           Power      Damage    Failure   Level
 Shock                    Conj/Air       0%         1d3       99%         1
 Dazzling Flash           Conj/Hex       0%         N/A       100%        3
 Agony                    Necr           0%         N/A       100%        5
 Lightning Bolt           Conj/Air       0%         1d11      100%        5
 Silence                  Hex/Air        0%         N/A       100%        5
 Polar Vortex             Ice            0%         N/A       100%        9


Dungeon Overview and Level Annotations

Branches:
Dungeon (8/15)             Temple (1/1) D:5         Ossuary (visited)
   Lair: D:8-11

Altars:
Ashenzari
Dithmenos
Elyvilon
Fedhas
Gozag
Hepliaklqana
Kikubaaqudgha
Makhleb
Nemelex Xobeh
Okawaru
Qazlal
Ru
Sif Muna
Trog
Vehumet
Wu Jian
Xom
Yredelemnul
Zin
The Shining One

Annotations:
D:8 Psyche


Innate Abilities, Weirdness & Mutations

You cannot be hasted, slowed, berserked, paralysed or teleported.
You can dig through walls and to a lower floor.
You have a pair of large antennae on your head. (SInv)
Your four strong arms can wield two-handed weapons with a shield.


Message History

You barely miss the orc warrior.
The orc warrior hits you with a +0 short sword!
You slash the orc warrior!
The orc warrior is moderately wounded.
The orc warrior hits you but does no damage.
You block the orc warrior's attack.
Your plate armour prevents you from hitting the orc warrior.
The orc warrior is moderately wounded.
The orc warrior hits you with a +0 short sword!
You slice the orc warrior!!
The orc warrior is almost dead.
You block the orc warrior's attack.
The orc warrior hits you with a +0 short sword!
You barely miss the orc warrior.
The orc warrior is almost dead.
The orc warrior hits you with a +0 short sword!
The orc warrior hits you with a +0 short sword.
You hit the orc warrior.
You kill the orc warrior!
Qazlal accepts your kill.
You now have 449 gold pieces (gained 13).
M - a wand of acid (7)
Items here: )) [[ †.
A gargoyle comes into view. It is wielding a +0 morningstar.
The gargoyle moves out of view.
The gargoyle hurls a stone arrow at you.
The stone arrow hits you!!
Found a stone staircase leading down.
The gargoyle hits you with a +0 morningstar!
* * * LOW HITPOINT WARNING * * *
You hit the gargoyle but do no damage.
The gargoyle hits you with a +0 morningstar!
* * * LOW HITPOINT WARNING * * *
You barely miss the gargoyle. You block the gargoyle's attack.
The gargoyle hits you with a +0 morningstar!
* * * LOW HITPOINT WARNING * * *
You feel very mighty all of a sudden.
The gargoyle hurls a stone arrow at you.
The stone arrow hits you!
You die...

### ..# #.# #.##
######## ...# #.>....#
...# #......# ...#
#......# )..####
#.9....#
......##########@.....#
......................#
..............#.......#
##..#.#########.......#
....#..# ........#
..####.### .##......#
#..#☼...§# . ########
##.#.....####.##
##...._...........##


You could see a gargoyle.

Vanquished Creatures
  A gargoyle (D:8)
  3 yaks (D:8)
  A steam dragon (D:7)
  3 water moccasins
  A hornet zombie (D:7)
  Duvessa (D:6)
  A sky beast (D:8)
  A black bear (D:6)
  2 ice beasts (D:6)
  An orc warrior (D:8)
  An ogre (D:5)
  3 necrophages
  A centaur (D:5)
  4 elf zombies (Ossuary)
  Dowan (D:6)
  4 scorpions
  A water moccasin skeleton (D:5)
  3 killer bees (D:8)
  5 wights (D:6)
  A howler monkey (D:4)
  2 bullfrog zombies
  2 jellies
  8 centaur zombies
  2 human zombies (Ossuary)
  An orc priest (D:8)
  A bullfrog skeleton (D:5)
  5 hounds
  3 iguanas
  2 orc wizards
  A killer bee zombie (D:8)
  A hound skeleton (D:5)
  3 mummies (Ossuary)
  A howler monkey zombie (D:8)
  3 gnolls (D:5)
  3 adders
  2 shadow imps
  An ufetubus (D:4)
  3 worms
  13 orcs
  4 bats
  8 endoplasms
  5 giant cockroaches
  7 goblins
  9 hobgoblins
  6 jackals
  3 quokkas
  10 ball pythons
  5 frilled lizards
  6 kobolds
  A quokka zombie (D:7)
  9 rats
  A rat zombie (D:7)
170 creatures vanquished.

Vanquished Creatures (others)
  An orc wizard (D:6)
1 creature vanquished.

Grand Total: 171 creatures vanquished

Notes
Turn   | Place    | Note
-------+----------+-------------------------------------------
     0 | D:1      | Descartes the Formicid Fighter began the quest for the Orb.
     0 | D:1      | Reached XP level 1. HP: 18/18 MP: 1/1
    63 | D:1      | Reached skill level 4 in Shields
    69 | D:1      | Reached XP level 2. HP: 11/24 MP: 2/2
   484 | D:1      | Reached XP level 3. HP: 29/29 MP: 3/3
   604 | D:1      | Reached skill level 5 in Shields
   680 | D:1      | Found a faded altar of an unknown god.
  1340 | D:2      | Reached XP level 4. HP: 35/35 MP: 4/4
  1607 | D:2      | Reached skill level 6 in Shields
  1827 | D:2      | Got the Incunabulum of the Glacier and Feathers
  2390 | D:3      | Reached XP level 5. HP: 41/41 MP: 5/5
  2730 | D:3      | You fall into a shaft and drop 1 floor!
  2755 | D:4      | Reached skill level 7 in Shields
  3187 | D:4      | Reached XP level 6. HP: 22/47 MP: 6/6
  3418 | D:4      | Found a glowing golden altar of the Shining One.
  3636 | D:5      | Entered Level 5 of the Dungeon
  3710 | D:5      | Reached skill level 8 in Shields
  3800 | D:5      | Noticed an ogre
  3814 | D:5      | Killed an ogre
  4060 | D:5      | Reached skill level 9 in Shields
  4060 | D:5      | Reached XP level 7. HP: 51/52 MP: 7/7
  4162 | D:5      | Found a staircase to the Ecumenical Temple.
  4169 | Temple   | Entered the Ecumenical Temple
  4454 | D:5      | Reached skill level 5 in Armour
  4846 | D:5      | Reached skill level 1 in Invocations
  4846 | D:5      | Reached skill level 1 in Evocations
  4904 | D:5      | Reached XP level 8. HP: 60/60 MP: 7/9
  6153 | D:6      | Reached skill level 5 in Fighting
  6250 | D:6      | Noticed Duvessa
  6252 | D:6      | Noticed Dowan
  6257 | D:6      | Killed Duvessa
  6258 | D:6      | Reached XP level 9. HP: 52/68 MP: 10/12
  6586 | D:6      | Killed Dowan
  7438 | D:6      | Reached skill level 5 in Invocations
  7775 | D:7      | Identified a scroll of acquirement
  7775 | D:7      | Acquired the ring of the Queen {rN+ rCorr Slay+4 Stlth+}
  8003 | D:7      | Reached skill level 5 in Evocations
  8125 | D:7      | Found a sand-covered staircase.
  8132 | Ossuary  | Entered an ossuary
  8243 | Ossuary  | Reached XP level 10. HP: 63/77 MP: 14/14
  8892 | D:8      | Found a shimmering blue altar of Sif Muna.
  8892 | D:8      | Found an iron altar of Okawaru.
  9084 | D:8      | Found a stormy altar of Qazlal.
  9085 | D:8      | Noticed Psyche
  9498 | D:8      | Became a worshipper of Qazlal Stormbringer
  9555 | D:8      | Identified the +2 helmet "Goxet" {rElec Int+3}
  9557 | D:8      | Found a faded altar of an unknown god.
  9559 | D:8      | Noticed a gargoyle
  9564 | D:8      | Killed a gargoyle
  9565 | D:8      | Found a hazy altar of Hepliaklqana.
  9700 | D:8      | Noticed a gargoyle
  9706 | D:8      | Killed from afar by a gargoyle

Illustrated notes

Levels and vault maps discovered:
D:1:      dpeg_arrival_arbitrary_a, layout_basic,
          hellmonk_ecumenical_altar_prayer_group
D:2:      layout_loops_ring
D:3:      layout_basic
D:4:      layout_cave_pools, mainiacjoe_overflow_24_doors,
          amcnicky_mini_pool_small
D:5:      layout_basic, minmay_temple_entry_arrows
D:6:      layout_basic, uniq_duvessa
D:7:      layout_cave_pods, enter_ossuary_4, serial_column_ruins,
          column_ruins_circle_medium, column_ruins_circle_small,
          column_ruins_open_small, column_ruins_corridor_straight,
          column_ruins_columns_corner, column_ruins_open_medium,
          column_ruins_open_tiny, column_ruins_open_medium, column_ruins_grid_1,
          corner_web_ring
D:8:      layout_rooms, grunt_qazlal_clouds, mainiacjoe_overflow_divided_tiny,
          beargit_hepliaklqana_dungeon_heroes, uniq_psyche
Temple:   regret_index_temple_generic_petals

Skill      XL: |  1  2  3  4  5  6  7  8  9 10 |
---------------+-------------------------------+-----
Shields        | 4 5 6 7 9 |  9.0
Armour         | 5 6 7 8 |  8.6
Invocations    | 1 4 6 7 |  7.3
Evocations     | 1 3 5 6 |  6.7
Fighting       | 5 6 7 |  7.7
Axes           | |  2.0

Action                   |  1- 3 |  4- 6 |  7- 9 | 10-12 || total
-------------------------+-------+-------+-------+-------++-------
Melee: War axe           |   107 |   199 |    76 |       ||   382
       Battleaxe         |       |       |   348 |   101 ||   449
       Unarmed           |       |       |     4 |       ||     4
 Abil: Dig               |       |     3 |     3 |     1 ||     7
  Use: Scroll            |       |       |     7 |       ||     7
       Potion            |       |       |       |     1 ||     1
Armor: Scale mail        |    24 |       |       |       ||    24
       Plate armour      |    27 |    97 |   266 |    51 ||   441
Dodge: Dodged            |    27 |    52 |   128 |    19 ||   226
Block: Kite shield       |    69 |   115 |   298 |    69 ||   551
